 Seeded DCSS version 0.30-a0-1075-gcd70e7a56d (webtiles) character file.

Game seed: 15754142637805177498 (custom seed)

65 Pimp the Poker (level 4, -2/35 HPs)
             Began as a Merfolk Gladiator on Apr 14, 2023.
             Slain by Sigmund
             ... wielding a +0 scythe of venom
              (10 damage)
             ... on level 3 of the Dungeon.
             The game lasted 00:02:56 (1802 turns).

Pimp the Poker (Merfolk Gladiator)                  Turns: 1802, Time: 00:02:58

Health: -2/35      AC:  9    Str: 19    XL:     4   Next: 13%
Magic:  4/4        EV: 13    Int:  3    God:
Gold:   164        SH:  0    Dex: 15    Spells: 3/3 levels left

rFire   . . .      SeeInvis .    a - +0 trident
rCold   . . .      Faith    .    (no shield)
rNeg    . . .      Spirit   .    b - +0 leather armour
rPois   .          Reflect  .    f - +1 helmet "Hudih" {+Blink Str+3 Int-4}
rElec   .          Rampage  .    j - +1 cloak
rCorr   .                        g - +0 pair of gloves
Will    .....                    p - +0 pair of boots
Stlth   +                        (no amulet)
HPRegen 0.25/turn                (no ring)
MPRegen 0.09/turn                (no ring)

@: lethally poisoned (-2 -> -8), flying
A: (nimble swimmer 2), mertail
a: Evoke Blink


You were on level 3 of the Dungeon.
You visited 1 branch of the dungeon, and saw 3 of its levels.

You collected 164 gold pieces.

Inventory:

Hand Weapons
 a - a +0 trident (weapon)
Missiles
 d - 3 throwing nets (quivered)
 e - a javelin
Armour
 b - a +0 leather armour (worn)
 c - a +0 helmet
 f - the +1 helmet "Hudih" (worn) {+Blink Str+3 Int-4}
   (You found it on level 3 of the Dungeon)

   Str:       It affects your strength (+3).
   Int:       It affects your intelligence (-4).
   +Blink:    It lets you blink.
 g - a +0 pair of gloves (worn)
 j - a +1 cloak (worn)
 p - a +0 pair of boots (worn)
Scrolls
 h - 2 scrolls of vulnerability {unknown}
 k - 2 scrolls of identify {unknown}
 l - a scroll of enchant armour {unknown}
 q - a scroll of blinking {unknown}
 r - a scroll of acquirement {unknown}
Potions
 m - a potion of might {unknown}
 n - a potion of curing {unknown}
 o - a potion of resistance {unknown}
 s - a potion of brilliance {unknown}


   Skills:
 + Level 3.0 Fighting
 + Level 4.7 Polearms
 + Level 2.7 Throwing
 + Level 4.7 Dodging


You had 3 spell levels left.
You didn't know any spells.
Your spell library contained the following spells:

 Spells                   Type           Power      Damage    Failure   Level
 Beastly Appendage        Tmut           0%         N/A       58%         1
 Wereblood                Tmut           0%         N/A       73%         2
 Spider Form              Tmut/Pois      0%         N/A       91%         3


Dungeon Overview and Level Annotations

Branches:
Dungeon (3/15)

Altars:

Annotations:
D:3 Sigmund


Innate Abilities, Weirdness & Mutations

((You are very nimble when in or above water. (Stealth+, EV+, Speed+++)))
Your lower body shifts to a powerful aquatic tail in water.


Message History

You finish taking off your +0 helmet.
You start putting on your armour.
You continue putting on the +1 helmet "Hudih" {+Blink Str+3 Int-4}. x5
You finish putting on the +1 helmet "Hudih" {+Blink Str+3 Int-4}.
You feel stronger.
You feel stupid.
You now have 164 gold pieces (gained 5).
Found a pair of boots.
Sigmund the Dreaded comes into view.
He is wielding a +0 scythe of venom.
Sigmund shouts!
Sigmund barely misses you. Sigmund misses you.
You closely miss Sigmund. You puncture Sigmund!
Sigmund is moderately wounded.
Sigmund mumbles some strange words.
Sigmund flickers and vanishes!
Deactivating autopickup; reactivate with Ctrl-A.
You miss something. Something hits you.
You are poisoned.
You closely miss something. Your punch misses something.
You feel very sick. Something hits you.
You are more poisoned.
You puncture something! Your punch misses something.
You feel very sick.
You hear some strange, mumbled words.
A magic dart appears from out of thin air!
The magic dart hits you.
You hit something.
You feel very sick. Something hits you.
You miss something.
You feel sick.
It was a potion of flight.
You feel very buoyant.
You fly up into the air.
* * * LOW HITPOINT WARNING * * *
You feel very sick. Something hits you!
You die...

#. #.# #.# #.###.# #.#
########## #...... .
#.###### ......[..#
#?..... .. #.......
.#######.# #..#..#
...####.###### .#####
#.# #.....##
...........## .....#
#.# #.....# #.........
.###.# #.# #..{@.#
##...##... .###.###.#
#.###.# # ##.######
.........# #.###.##.#
#<# ####.#####
#........# #.# #.##
#####.#### #+# #..##
#.# ###...## ##.#
##......## ##..#
#........######...####
##


There were no monsters in sight!

Vanquished Creatures
  An adder (D:2)
  2 worms (D:2)
  A dart slug (D:2)
  An orc (D:3)
  4 bats
  5 endoplasms
  2 giant cockroaches
  3 goblins
  4 hobgoblins (D:1)
  4 quokkas
  6 ball pythons
  3 frilled lizards
  4 kobolds
  3 rats
43 creatures vanquished.

Notes
Turn   | Place    | Note
-------+----------+-------------------------------------------
     0 | D:1      | Pimp the Merfolk Gladiator began the quest for the Orb.
     0 | D:1      | Reached XP level 1. HP: 16/16 MP: 1/1
   147 | D:1      | Reached XP level 2. HP: 21/23 MP: 2/2
   434 | D:1      | Reached XP level 3. HP: 28/28 MP: 3/3
  1140 | D:2      | Reached XP level 4. HP: 26/34 MP: 4/4
  1599 | D:3      | Found a faded altar of an unknown god.
  1687 | D:3      | Identified the +1 helmet "Hudih" {+Blink Str+3 Int-4}
  1793 | D:3      | Noticed Sigmund
  1802 | D:3      | Slain by Sigmund

Illustrated notes

Levels and vault maps discovered:
D:1:      tarquinn_simple_flora_water_f, layout_rooms, minmay_distorted
D:2:      layout_basic, st_stairs_5
D:3:      layout_loops_corners, kennysheep_okawaru_gauntlet,
          mainiacjoe_overflow_catwalk, ebering_ecumenical_altar_box,
          uniq_sigmund, uniq_grinder

Skill      XL: |  1  2  3  4 |
---------------+-------------+-----
Fighting       | 3 |  3.0
Polearms       | |  4.7
Throwing       | |  2.7
Dodging        | |  4.7

Action                     |  1- 3 |  4- 6 || total
---------------------------+-------+-------++-------
  Melee: Trident           |   129 |    18 ||   147
    Use: Scroll            |       |     2 ||     2
         Potion            |       |     1 ||     1
   Stab: Sleeping          |       |     1 ||     1
 Armour: Leather armour    |    35 |     3 ||    38
  Dodge: Dodged            |    89 |    10 ||    99

Table legend: (Time is in decaauts)
 A = Elapsed time spent in this place.
 B = Non-inter-level travel time spent in this place.
 C = Inter-level travel time spent in this place.
 D = Time resting spent in this place.
 E = Time spent auto-exploring this place.
 F = Levels seen in this place.
 G = Mean time per level.
                   A        B        C        D        E       F      G
               +--------+--------+--------+--------+--------+-----+--------+
         Total |   1813 |   1737 |     76 |     66 |   1203 |   3 |  604.3 |
       Dungeon |   1813 |   1737 |     76 |     66 |   1203 |   3 |  604.3 |
               +--------+--------+--------+--------+--------+-----+--------+

Top non-repeatable levels by time:
     D:2: 819 daAuts
     D:1: 686 daAuts
     D:3: 308 daAuts
